zoologist, lawful female human Archeologist ----- --------- ------------- |...| |.......| ### ----- |...........| |...| #....[...| # |.).| |............#######.....####|.......-# -.----- |)f.| |...........|# |...| #........|# |......# |[@m| |!..........|# |...| |.......|### |.....|# |.@)| ----------.--# |...| --------- # |.....|# -|--- # --.-- ##-.....|# (# # # -------# # # ### # # # # # # ##### #######` ##### ## # #*### ##### # # -.-|- # .-- --.- ### |..[| #|.......... # |...| #|.......... ###|...| #......... #....| -- --- ----- zoologist the Field Worker Experience level: 3 Strength: 10 Dexterity: 10 Constitution: 12 Intelligence: 16 Wisdom: 18 Charisma: 9 Health: 0(27) Energy: 12(12) Def: 5 Gold: 262 Moves: 1907 Dungeon seed: v96fAtgdNe0VGZxD Game ID: zoologist_1526960470 Your Inventory: Coins $ - 262 gold pieces Amulets v - an uncursed amulet of reflection Weapons a - a burnt +2 bullwhip (weapon in hand) t - 6 cursed -1 darts Armor n - an uncursed +0 fedora (being worn) r - an uncursed +0 studded leather armor (being worn) s - a blessed +0 pair of speed boots (being worn) y - an uncursed +0 orcish helm A - an uncursed +0 alchemy smock (being worn) Comestibles b - 5 uncursed food rations m - 2 uncursed eggs x - an uncursed tripe ration Rings j - an uncursed ring of conflict Wands l - a wand of digging (0:3) B - a wand of speed monster (0:5) Tools d - a tinning kit (0:99) g - an uncursed oil lamp (0:1215) Gems k - an uncursed worthless piece of yellow glass q - an uncursed touchstone w - an uncursed chrysoberyl stone z - an uncursed worthless piece of blue glass N - an uncursed worthless piece of green glass Y - an uncursed opal Spells and supernatural/magical abilities: Name Level Category Fail Memory n - detect monsters 1 divination 0% 95% W - pray for help -- divine ? -- Your skills at the end: Fighting Skills Weapon Skills pick-axe [Basic] whip [Basic] Spellcasting Skills Final Attributes: You were piously aligned. You were poison resistant. You were acid resistant. You were stealthy. You were very fast. You are dead. Vanquished creatures: a wererat 3 coyotes 2 cave spiders a green mold 2 gnome zombies a gecko 2 jackals 3 foxes a goblin 2 sewer rats 2 grid bugs 5 lichens 5 newts 30 creatures vanquished. Voluntary challenges: You were an atheist. You used a wielded weapon 70 times, starting on turn 144. You read items or engraved 7 times, starting on turn 736. You never genocided any monsters. You never polymorphed an object. You never changed form. You used no wishes. You never split a pudding. You wrote Elbereth's name 3 times, starting on turn 736. You never violated your personal moral code. Dungeon overview: The Dungeons of Doom: levels 1 to 4 Level 1 a long staircase Level 2 a general store Level 3 a general store, some fountains a long staircase Level 4 <- You were here a weapon shop History has recorded: On T:1 you entered the Dungeons of Doom to retrieve the Amulet of Yendor! On T:684 you advanced to experience level 2. On T:703 you reached level 2 of The Dungeons of Doom. On T:950 you reached level 3 of The Dungeons of Doom. On T:1136 you advanced to experience level 3. On T:1451 you reached level 4 of The Dungeons of Doom. Score breakdown: Gold: 262 ( 8231 points) Experience: 3 levels ( 7878 points) Exploration: 4 levels ( 7.69%) ( 7276 points) Discoveries: 11 items ( 3.70%) ( 5773 points) Valuables value: (no points given unless you survive) Artifact value: 0 ( 0 points) Variety of kills: 13 monsters ( 3.41%) ( 5541 points) Turncount: 1907 turns ( 0 points) Survival: died (score multiplied by 80%) Total score: 27759 Latest messages: You hit the giant mimic. You miss the giant mimic. You see here a sling (26 zorkmids). You see here a leather armor (6 zorkmids). You hit the giant mimic. Azog picks up a runed bow. You hit the giant mimic. You miss the giant mimic. The giant mimic hits Vergt. The giant mimic misses Vergt. You hit the giant mimic. You miss the giant mimic. You hit the giant mimic. (2x) You miss the giant mimic. You hit the giant mimic. Azog drops a runed bow. You hit the giant mimic. (2x) You miss the giant mimic. You hit the giant mimic. Azog picks up a runed bow. You hit the giant mimic. (3x) You miss the giant mimic. You hit the giant mimic. (3x) The giant mimic hits! (2x) You die... Vergt gratefully inherits all your possessions. Final status: Goodbye zoologist the Archeologist, killed by a giant mimic... You died in The Dungeons of Doom on dungeon level 4 with 27759 points, and 262 pieces of gold, after 1907 moves. You were level 3 with a maximum of 27 hit points when you died.